 Dungeon Crawl Stone Soup version 0.31.0-9-g3a7656b989 (webtiles) character file.

Game seed: 12252314935147584884

516 qw the Skirmisher (level 7, 0/41 HPs)
             Began as a Deep Elf Hunter on Feb 2, 2024.
             Was an Initiate of Okawaru.
             Slain by Pikel
             ... wielding a +0 whip of flaming
              (9 damage)
             ... on level 4 of the Dungeon.
             The game lasted 00:00:15 (2487 turns).

qw the Skirmisher (Deep Elf Hunter)                 Turns: 2487, Time: 00:00:15

Health: 0/41       AC:  8    Str: 10    XL:     7   Next: 0%
Magic:  10/10      EV: 11    Int: 14    God:    Okawaru [......]
Gold:   188        SH:  0    Dex: 18    Spells: 6/6 levels left

rFire   . . .        a - +0 shortbow
rCold   + . .        (shield currently unavailable)
rNeg    . . .        i - +2 ring mail {rC+}
rPois   .            m - +0 helmet
rElec   .            (no cloak)
rCorr   .            (no gloves)
SInv    +            (no boots)
Will    .....        (no amulet)
Stlth   +            k - ring of see invisible
HPRegen 0.26/turn    (no ring)
MPRegen 0.12/turn

%: no passive effects
@: no status effects
A: no striking features
a: Renounce Religion


You were on level 4 of the Dungeon.
You worshipped Okawaru.
Okawaru was noncommittal.
You visited 2 branches of the dungeon, and saw 5 of its levels.

You collected 188 gold pieces.


   Skills:
 - Level 3.2 Fighting
 + Level 9.7 Ranged Weapons
 - Level 2.4 Dodging
 - Level 1.2 Stealth
 - Level 1.8 Invocations


You had 6 spell levels left.
You didn't know any spells.
Your spell library was empty.

Inventory:

Hand Weapons
 a - a +0 shortbow (weapon)
Armour
 i - a +2 ring mail of cold resistance (worn)
 m - a +0 helmet (worn)
Jewellery
 k - a ring of see invisible (left hand)
Scrolls
 f - 3 scrolls of enchant armour {unknown}
Potions
 c - a potion of brilliance {unknown}
 d - 2 potions of resistance
 e - a potion of haste {unknown}
 g - a potion of attraction {unknown}
 n - a potion of might

Dungeon Overview and Level Annotations

Branches:
Dungeon (4/15)             Temple (1/1) D:4

Altars:
Ashenzari
Cheibriados
Fedhas
Kikubaaqudgha
Makhleb
Nemelex Xobeh
Okawaru
Trog
Vehumet
Wu Jian
Xom
Yredelemnul
Zin

Annotations:
D:3 1 runed translucent door
D:4 Pikel


Message History

Pikel hits you with a +0 whip of flaming.
Pikel burns you.
You shoot an arrow. The arrow hits Pikel.
Pikel is moderately wounded.
Pikel completely misses you.
You shoot an arrow. The arrow hits Pikel.
Pikel is heavily wounded.
Pikel hits you with a +0 whip of flaming.
Pikel burns you.
A kobold comes into view. It is wielding a +0 whip.
2481 ||| DRINKING potion of heal wounds.
You feel much better.
Pikel hits you with a +0 whip of flaming.
Pikel burns you.
You shoot an arrow. The arrow hits Pikel.
Pikel is heavily wounded.
Pikel closely misses you.
You shoot an arrow.
The arrow hits Pikel but does no damage.
Pikel is heavily wounded.
Pikel misses you.
You shoot an arrow. The arrow completely misses Pikel.
The arrow hits the lemure.
You kill the lemure!
That felt strangely unrewarding.
Pikel hits you with a +0 whip of flaming.
Pikel burns you.
You shoot an arrow. The arrow hits Pikel!
Pikel is severely wounded.
Pikel closely misses you. Pikel barely misses you.
You shoot an arrow. The arrow barely misses Pikel.
The arrow closely misses the kobold.
Pikel hits you with a +0 whip of flaming.
Pikel burns you.
You shoot an arrow.
The arrow hits Pikel but does no damage.
Pikel is severely wounded.
Pikel hits you with a +0 whip of flaming!
You die...
Pikel says, "Another soul for the market."

#..K.K...# ...
#........# ..##
#........ #.. .
#.(.5.5. #...#
#...... #######....#
.... #......##..#
#'## #......#8..8
#.K#######.........>.
##5K@....#...........
#######........#8..8
###...>..##..#
#...........
####'######.
#.....##. #.###.##.
#...[.... #.###.###


You could see Pikel, a lemure and a kobold.

Vanquished Creatures
  Sigmund (D:3)
  An ogre (D:4)
  2 lemures (D:4)
  A hound (D:4)
  2 jellies (D:3)
  Jessica (D:3)
  Natasha (thrice) (D:3)
  An adder (D:3)
  A ribbon worm (D:2)
  3 dart slugs
  9 endoplasms
  4 giant cockroaches
  7 goblins
  5 hobgoblins
  6 jackals
  3 quokkas
  6 ball pythons
  2 bats (D:2)
  6 frilled lizards
  4 kobolds
  4 rats
72 creatures vanquished.

Notes
Turn   | Place    | Note
-------+----------+-------------------------------------------
     0 | D:1      | qw the Deep Elf Hunter began the quest for the Orb.
     0 | D:1      | Reached XP level 1. HP: 12/12 MP: 3/3
     0 | D:1      | 0 ||| qw: Version: 0.3-a-155-g5e7d8dd
     0 | D:1      | 0 ||| qw: Game counter: 2579
     0 | D:1      | 0 ||| qw: Melee chars always use a shield: true
     0 | D:1      | 0 ||| qw: God list: Okawaru
     0 | D:1      | 0 ||| qw: Allow faded altars: false
     0 | D:1      | 0 ||| qw: Do Orc after clearing Dungeon:15 true
     0 | D:1      | 0 ||| qw: Do second Lair branch before Depths: true
     0 | D:1      | 0 ||| qw: Lair rune preference: random
     0 | D:1      | 0 ||| qw: Goals: Normal
     0 | D:1      | 0 ||| PLANNING D:1-11
    98 | D:1      | Reached XP level 2. HP: 16/16 MP: 4/4
   107 | D:1      | Reached skill level 6 in Ranged Weapons
   162 | D:1      | Found a faded altar of an unknown god.
   576 | D:1      | 576 ||| UPGRADING to +0 ring mail.
   586 | D:1      | 586 ||| DROPPING +0 leather armour.
   587 | D:1      | 587 ||| DROPPING scarf of harm.
   588 | D:1      | 588 ||| UPGRADING to +2 ring mail of cold resistance.
   598 | D:1      | 598 ||| DROPPING +0 ring mail.
   599 | D:1      | 599 ||| UPGRADING to ring of see invisible.
   600 | D:1      | 600 ||| READING scroll labelled RYNNOA PYKOJY.
   601 | D:1      | 601 ||| DROPPING scroll of butterflies.
   686 | D:2      | You fall into a shaft and drop 2 floors!
   698 | D:4      | Found a staircase to the Ecumenical Temple.
   699 | D:4      | 699 ||| PLANNING TEMPLE
   703 | D:4      | Noticed an ogre
   707 | D:4      | 707 ||| RETREEEEATING.
   710 | D:4      | Killed an ogre
   711 | D:4      | Reached skill level 8 in Ranged Weapons
   711 | D:4      | Reached XP level 3. HP: 20/20 MP: 5/5
   711 | D:4      | Reached XP level 4. HP: 25/25 MP: 6/6
   718 | Temple   | Entered the Ecumenical Temple
   719 | Temple   | 719 ||| PLANNING OKAWARU WORSHIP
   735 | Temple   | Became a worshipper of Warmaster Okawaru
   736 | Temple   | 736 ||| PLANNING D:1-11
   782 | D:4      | Reached XP level 5. HP: 19/29 MP: 7/7
   830 | D:4      | 830 ||| READING scroll labelled YBBILE CISCHE.
  1421 | D:2      | 1421 ||| UPGRADING to +0 helmet.
  1426 | D:2      | 1426 ||| READING scroll labelled GIUTOQU YFFUJYRI.
  1427 | D:2      | 1427 ||| READING scroll labelled QEIPTI MOFICU.
  1427 | D:2      | 1427 ||| IDENTIFYING glowing sapphire potion
  1428 | D:2      | 1428 ||| READING scroll labelled ZYOWICV HIOCRO.
  1529 | D:2      | 1529 ||| DRINKING 2 sedimented emerald potions.
  1530 | D:2      | 1530 ||| DROPPING potion of degeneration.
  1643 | D:3      | Found a sparkling altar of Nemelex Xobeh.
  1675 | D:3      | Noticed Natasha
  1698 | D:3      | Found a shimmering altar of Xom.
  1731 | D:3      | Found a runed translucent door.
  1731 | D:3      | Noticed a human
  1734 | D:3      | Found a basalt altar of Yredelemnul.
  1735 | D:3      | Noticed Jessica
  1737 | D:3      | Killed Jessica
  1738 | D:3      | Reached skill level 9 in Ranged Weapons
  1766 | D:3      | Noticed Sigmund
  1773 | D:3      | Killed Sigmund
  1774 | D:3      | Reached skill level 3 in Fighting
  1774 | D:3      | Reached XP level 6. HP: 30/37 MP: 8/8
  1806 | D:3      | 1806 ||| FLEEEEING.
  1807 | D:3      | 1807 ||| FLEEEEING.
  1808 | D:3      | 1808 ||| FLEEEEING.
  1809 | D:3      | 1809 ||| FLEEEEING.
  1810 | D:3      | 1810 ||| FLEEEEING.
  1811 | D:3      | 1811 ||| FLEEEEING.
  1813 | D:3      | 1813 ||| FLEEEEING.
  1852 | D:3      | Reached * piety under Okawaru
  1956 | D:3      | Reached skill level 1 in Invocations
  2085 | D:3      | Killed Natasha
  2155 | D:3      | 2155 ||| DROPPING ring of magical power.
  2156 | D:3      | 2156 ||| READING scroll labelled CETSEP MAXA.
  2161 | D:3      | 2161 ||| READING scroll labelled UVOTHOLANA.
  2162 | D:3      | 2162 ||| READING scroll labelled RUIPAA PIJUGHA.
  2163 | D:3      | 2163 ||| DRINKING 3 glowing blue potions.
  2164 | D:3      | 2164 ||| DRINKING 2 inky potions.
  2171 | D:3      | Noticed Natasha
  2176 | D:3      | 2176 ||| RETREEEEATING.
  2179 | D:3      | Killed Natasha
  2249 | D:3      | Noticed Natasha
  2260 | D:3      | 2260 ||| INVOKING Heroism.
  2262 | D:3      | Killed Natasha
  2263 | D:3      | Reached XP level 7. HP: 41/41 MP: 7/10
  2448 | D:4      | Noticed Pikel
  2449 | D:4      | 2449 ||| RETREEEEATING.
  2450 | D:4      | 2450 ||| RETREEEEATING.
  2453 | D:4      | 2453 ||| RETREEEEATING.
  2454 | D:4      | 2454 ||| RETREEEEATING.
  2459 | D:4      | 2459 ||| INVOKING Heroism.
  2480 | D:4      | HP: 7/41 [Pikel/+0 whip of flaming (4)]
  2481 | D:4      | 2481 ||| DRINKING potion of heal wounds.
  2486 | D:4      | HP: 10/41 [Pikel/+0 whip of flaming (6)]
  2487 | D:4      | Slain by Pikel

Levels and vault maps discovered:
D:1:      dpeg_arrival_pits, layout_rooms, shapermc_ecumenical_altar_ellora,
          hex_tiny, grunt_decor_clamped
D:2:      layout_rooms, amcnicky_mini_corridor_feature, minmay_pentomino_pile
D:3:      layout_basic, dk_xom_monty_hall, dk_yredelemnul_ordeal,
          nemelex_altar_shiori, uniq_natasha, uniq_sigmund, uniq_jessica
D:4:      layout_basic, nicolae_gozag_cash_rules_everything_around_me,
          lemuel_crystal_altar, lemuel_doored_altar, minmay_temple_entry_grid,
          st_stairs_6, uniq_pikel, uniq_edmund
Temple:   compressed_dpeg_circular_temple

Skill      XL: |  1  2  3  4  5  6 |
---------------+-------------------+-----
Ranged Weapons | 8 9 |  9.7
Fighting       | 3 |  3.2
Invocations    | 1 |  1.8
Dodging        | |  2.4
Stealth        | |  1.2

Action                     |  1- 3 |  4- 6 |  7- 9 || total
---------------------------+-------+-------+-------++-------
   Fire: Shortbow          |    76 |   164 |    32 ||   272
 Invoke: Heroism           |       |     1 |     1 ||     2
    Use: Scroll            |     1 |     7 |       ||     8
         Potion            |       |     3 |     1 ||     4
 Armour: Leather armour    |    16 |       |       ||    16
         Ring mail         |     6 |    49 |    16 ||    71
  Dodge: Dodged            |    24 |    40 |    16 ||    80

Table legend:
 A = Non-vault XP
 B = Vault XP
 C = Vault XP percentage of total XP
 D = Non-vault monster count
 E = Vault monster count
 F = Vault count percentage of total count
                 A         B        C        D         E       F
            +---------+---------+-------+---------+---------+-------
      Total |     308 |     430 |  58.3 |      60 |       9 |  13.0
            +---------+---------+-------+---------+---------+-------
        D:1 |      31 |       0 |   0.0 |      18 |       0 |   0.0
        D:2 |      37 |       3 |   7.5 |      21 |       2 |   8.7
        D:3 |     119 |     383 |  76.3 |      20 |       5 |  20.0
        D:4 |     121 |      44 |  26.7 |       1 |       2 |  66.7
            +---------+---------+-------+---------+---------+-------
